 Dungeon Crawl Stone Soup version 0.28.0 (webtiles) character file.

Game seed: 14616968021227996122

4307 shoop the Covert (level 10, 47/47 HPs)
             Began as a Felid Cinder Acolyte on Feb 15, 2022.
             Was a Believer of Ignis.
             Quit the game in a Gauntlet.
             The game lasted 00:47:27 (19931 turns).

shoop the Covert (Felid Cinder Acolyte)            Turns: 19931, Time: 00:47:28

Health: 47/47      AC:  2    Str: 14    XL:     10   Next: 11%
Magic:  14/14      EV: 21    Int: 16    God:    Ignis [**....]
Gold:   471        SH:  0    Dex: 12    Spells: 3/13 levels left
                                        Lives:  1   Deaths: 2

rFire   + + .      SeeInvis +     - Unarmed
rCold   . . .      Faith    .   (shield unavailable)
rNeg    + . .      Spirit   .   (armour unavailable)
rPois   .          Reflect  .   (helmet unavailable)
rElec   .          Harm     .   (cloak unavailable)
rCorr   .          Rampage  .   (gloves unavailable)
Will    +....      NoTele   +   (boots unavailable)
Stlth   +++++.....              H - amulet of magic regeneration
HPRegen 0.15/turn               C - ring of protection from fire
MPRegen 0.54/turn               G - ring of positive energy

@: quick
A: very small, claws 1, fangs 3, see invisible, speed 1, shaggy fur 2, stealthy
paws, no weapons or thrown items, no armour, multi-lived
a: Renounce Religion, Fiery Armour, Foxfire Swarm


You were in a Gauntlet.
You worshipped Ignis.
Ignis was pleased with you.
You visited 1 branch of the dungeon, and saw 11 of its levels.
You also visited: Gauntlet.

You collected 531 gold pieces.
You spent 60 gold pieces at shops.

Inventory:

Jewellery
 C - a ring of protection from fire (left paw)
 G - a ring of positive energy (right paw)
 H - an amulet of magic regeneration (around neck)
Wands
 n - a wand of flame (23)
 u - a wand of acid (13)
 v - a wand of paralysis (8)
 w - a wand of polymorph (12)
 J - a wand of digging (2)
Scrolls
 h - a scroll of blinking
 i - 3 scrolls of amnesia {unknown}
 l - 2 scrolls of enchant weapon {unknown}
 m - 2 scrolls of teleportation {unknown}
 o - a scroll of holy word {unknown}
 q - 2 scrolls of noise {unknown}
 r - 2 scrolls of acquirement {unknown}
 t - 2 scrolls of magic mapping
 x - a scroll of brand weapon
 y - 3 scrolls of fear {unknown}
 A - 5 scrolls of immolation {unknown}
 E - a scroll of torment {unknown}
 F - a scroll of vulnerability {unknown}
 I - 2 scrolls of enchant armour {unknown}
Potions
 a - 2 potions of cancellation
 b - a potion of brilliance {unknown}
 c - 2 potions of ambrosia
 e - 4 potions of haste {unknown}
 f - 2 potions of degeneration {unknown}
 g - 3 potions of heal wounds
 j - a potion of mutation
 k - a potion of curing
 p - 2 potions of might {unknown}
 s - 3 potions of invisibility {unknown}
 z - 2 potions of attraction {unknown}
 B - 3 potions of magic {unknown}
 D - a potion of lignification {unknown}


   Skills:
 - Level 7.0 Fighting
 - Level 10.0 Dodging
 - Level 11.0 Stealth
 - Level 10.0 Unarmed Combat
 - Level 2.0 Spellcasting
 - Level 6.0 Hexes
 + Level 5.7 Summonings
 - Level 3.2 Fire Magic
 - Level 3.0 Evocations


You had 3 spell levels left.
You knew the following spells:

 Your Spells              Type           Power      Damage    Failure   Level
a - Scorch                Fire           22%        2d6       9%          2
c - Confusing Touch       Hex            20%        N/A       5%          3
v - Summon Mana Viper     Hex/Summ       20%        N/A       45%         5

Your spell library contained the following spells:

 Spells                   Type           Power      Damage    Failure   Level
 Slow                     Hex            80%        N/A       1%          1
 Vampiric Draining        Necr           1%         2d6       52%         3
 Summon Forest            Summ/Tloc      5%         N/A       87%         5
 Summon Cactus Giant      Summ           9%         N/A       97%         6


Dungeon Overview and Level Annotations

Branches:
Dungeon (11/15)            Temple (0/1) D:7            Lair (0/6) D:8
    Orc (0/2) D:10        Gauntlet (1/1)

Altars:
Elyvilon
Ru

Shops:
D:1 (   D:5 =(   D:10 [=![

Annotations:
D:9 exclusions: 4 doors, 3 killer bees and troll
D:10 exclusion: 2 centaurs
D:11 exclusions: centaur warrior, 2 hydras, killer bee, manticore and 2 two-headed ogres Gauntlet 9 transporters, 4 runed translucent doors, exclusion: lightning spire


Innate Abilities, Weirdness & Mutations

You have sharp claws.
You have razor-sharp teeth.
You have supernaturally acute eyesight. (SInv)
You cover ground quickly. (Speed+)
You are covered in thick fur. (AC +2)
Your paws help you pounce on unaware monsters.
You are incapable of wielding weapons or throwing items.
You cannot wear armour.
You gain extra lives every three experience levels.


Message History

You scratch the large abomination but do no damage.
You completely miss the large abomination.
You claw the large abomination, but do no damage.
You bite the large abomination.
The large abomination is lightly damaged.
The large abomination hits you.
You claw the large abomination! Your claw misses the large abomination.
The large abomination is moderately damaged.
You claw the large abomination!
The large abomination is heavily damaged.
The large abomination completely misses you.
You scratch the large abomination but do no damage.
The large abomination is heavily damaged.
You barely miss the large abomination. Your bite misses the large abomination.
The large abomination is heavily damaged.
The large abomination closely misses you.
You scratch the large abomination.
The large abomination is severely damaged.
The large abomination closely misses you.
You scratch the large abomination.
The large abomination is severely damaged.
You scratch the large abomination. Your bite misses the large abomination.
The large abomination is severely damaged.
The large abomination closely misses you.
You claw the large abomination!
The large abomination is almost destroyed.
You are no longer berserk.
You are exhausted.
You feel yourself slow down.
Unknown command.
It was a potion of cancellation.
Your magical effects are unravelling.
You feel magically purged.
You feel yourself speed up. The large abomination misses you.
The large abomination hits you!!!
Ouch! That really hurt!
You die...
You are now level 10!
You rejoin the land of the living...
Are you sure you want to abandon this character and quit the game? (Confirm with "yes".)

####...#zz#©...#.....
#≈≈..♣.#.z#.##.#...#≈
#≈..PP.#..#.##.#.PP≈≈
##..PP♣.#.z#....#.♣P#≈
##≈.P.P..#z.+++###..P≈≈
#≈≈....♣.#..#.#..#...#≈
#≈.P....#..#©#[?#....P
##..♣.#############..P
##≈...@#©....©....©#...
#≈≈.###################
##≈.#...b...#.#h.....8#
##.#....#..#.#.####..#
##≈.#...###h#.#.....#.#
#≈≈.#b.#©#..#.####©.#h#
##≈.#h###...#.#."}#.#.#
##.#..#....#.##?.#.#.#
##≈.#.![b!..#.#©#.#...#


You could see 2 hell hounds, 2 fire bats and 3 flying skulls.

Vanquished Creatures
  A two-headed ogre (D:10)
  Pikel (D:6)
  A cyclops (D:9)
  3 trolls
  Prince Ribbit (D:7)
  Sigmund (D:6)
  2 wyverns (D:11)
  10 yaks
  A large abomination (Gauntlet)
  4 shadows
  A steam dragon (D:7)
  Menkaure (D:4)
  An acid dragon (D:9)
  A water moccasin (D:7)
  2 orc warriors (D:9)
  An ogre (D:4)
  4 centaurs
  4 wolves
  3 phantoms
  2 kobold brigands
  A lemure (D:6)
  5 small abominations (Gauntlet)
  Blork the orc (D:6)
  3 bullfrogs
  2 wyvern zombies
  4 scorpions
  2 troll zombies (D:10)
  A killer bee (D:9)
  6 wights
  2 electric eels (D:8)
  2 howler monkeys (D:8)
  3 centaur zombies
  5 hounds
  7 orc priests
  3 jellies
  A gnoll shaman (D:7)
  Jessica (D:2)
  5 orc wizards
  5 iguanas
  2 killer bee zombies
  6 ogre zombies (D:10)
  A hound skeleton (D:4)
  3 howler monkey zombies
  6 adders
  8 gnolls
  2 white imps
  An ufetubus (D:4)
  2 worms (D:4)
  3 dart slugs
  20 orcs
  7 endoplasms
  3 giant cockroaches
  9 goblins
  5 hobgoblins
  17 kobolds
  A quokka (D:2)
  4 ball pythons
  4 bats
  4 frilled lizards
  A goblin skeleton (D:10)
  A hobgoblin zombie (D:10)
  5 orc skeletons (D:10)
  18 orc zombies (D:10)
  5 rats (D:3)
242 creatures vanquished.

Vanquished Creatures (others)
  90 foxfires
90 creatures vanquished.

Grand Total: 332 creatures vanquished

Notes
Turn   | Place    | Note
-------+----------+-------------------------------------------
     0 | D:1      | shoop the Felid Cinder Acolyte began the quest for the Orb.
     0 | D:1      | Reached XP level 1. HP: 10/10 MP: 3/3
    89 | D:1      | Reached skill level 1 in Dodging
   352 | D:1      | Reached XP level 2. HP: 14/14 MP: 4/4
   368 | D:1      | Learned a level 2 spell: Scorch
   436 | D:1      | Found Degeuxong's Weapon Emporium.
  1450 | D:2      | Reached skill level 1 in Stealth
  1643 | D:2      | Noticed Jessica
  1647 | D:2      | Killed Jessica
  1648 | D:2      | Reached skill level 3 in Stealth
  1648 | D:2      | Reached XP level 3. HP: 9/17 MP: 1/5
  2555 | D:3      | Reached XP level 4. HP: 21/21 MP: 3/6
  3502 | D:4      | Noticed Menkaure
  3759 | D:4      | Noticed an ogre
  3814 | D:4      | Killed an ogre
  3815 | D:4      | Reached skill level 1 in Evocations
  3815 | D:4      | Reached XP level 5. HP: 24/24 MP: 0/7
  3891 | D:4      | Killed Menkaure
  3892 | D:4      | Reached skill level 4 in Stealth
  3892 | D:4      | Gained mutation: You are covered in thick fur. (AC +2)
                  | [Felid growth]
  3892 | D:4      | Reached XP level 6. HP: 9/28 MP: 1/8
  4627 | D:5      | Entered Level 5 of the Dungeon
  4627 | D:5      | Found Hifrumne's Antique Weapon Shop.
  4702 | D:5      | Found a sacrificial altar of Ru.
  4943 | D:5      | Found Nagyl's Jewellery Shoppe.
  5617 | D:5      | Reached XP level 7. HP: 4/31 MP: 2/9
  6211 | D:5      | Reached skill level 5 in Unarmed Combat
  6306 | D:5      | Reached skill level 5 in Stealth
  6961 | D:6      | Reached skill level 5 in Dodging
  7045 | D:6      | Noticed Sigmund
  7088 | D:6      | Noticed Pikel
  7370 | D:6      | Killed Pikel
  7371 | D:6      | Reached skill level 6 in Stealth
  7371 | D:6      | Reached XP level 8. HP: 36/36 MP: 5/10
  7518 | D:6      | Noticed Blork the orc
  7812 | D:6      | Reached skill level 5 in Fighting
  8226 | D:6      | Killed Blork the orc
  8515 | D:6      | Killed Sigmund
  8516 | D:6      | Reached skill level 7 in Stealth
  9084 | D:7      | Noticed Prince Ribbit
  9130 | D:7      | Reached XP level 9. HP: 40/40 MP: 4/11
  9165 | D:7      | Killed Prince Ribbit
 10006 | D:7      | Found a staircase to the Ecumenical Temple.
 10021 | D:7      | Demolished by a centaur
 10022 | D:7      | Reached XP level 8. HP: -16/38 MP: 5/10
 10034 | D:7      | Reached skill level 8 in Stealth
 11074 | D:8      | Noticed a troll
 11618 | D:8      | Reached XP level 9. HP: 41/41 MP: 4/12
 11784 | D:9      | Noticed a troll
 12310 | D:7      | Reached skill level 9 in Stealth
 12412 | D:8      | Found a staircase to the Lair.
 12436 | D:7      | HP: 1/40 [wight (3)]
 14114 | D:8      | Learned a level 3 spell: Confusing Touch
 14438 | D:8      | Reached skill level 10 in Stealth
 14578 | D:9      | Noticed a troll
 14647 | D:9      | Reached skill level 1 in Hexes
 14718 | D:9      | Found a white marble altar of Elyvilon.
 15073 | D:9      | Reached XP level 10. HP: 46/46 MP: 0/14
 16032 | D:10     | Entered Level 10 of the Dungeon
 16032 | D:10     | Found Cerosud's Jewellery Shop.
 16050 | D:10     | Found Inneffef's Distillery.
 16058 | D:10     | Bought a potion of heal wounds for 60 gold pieces
 16058 | D:10     | Noticed a two-headed ogre
 16349 | D:9      | Reached skill level 10 in Dodging
 16473 | D:9      | Noticed a cyclops
 16510 | D:9      | Killed a cyclops
 16511 | D:9      | Reached skill level 11 in Stealth
 16511 | D:9      | Reached skill level 10 in Unarmed Combat
 16511 | D:9      | Reached skill level 5 in Hexes
 16785 | D:10     | Found Amousam's Armour Boutique.
 17427 | D:10     | Found a staircase to the Orcish Mines.
 18417 | D:10     | Killed a two-headed ogre
 18424 | D:10     | Learned a level 5 spell: Summon Mana Viper
 18772 | D:10     | Found Ruisedgh's Antique Armour Boutique.
 19234 | D:11     | Noticed a two-headed ogre
 19234 | D:11     | Noticed a four-headed hydra
 19287 | D:11     | Noticed a two-headed ogre
 19288 | D:11     | Noticed a five-headed hydra
 19434 | D:11     | Noticed a manticore
 19434 | D:11     | Noticed a centaur warrior
 19602 | D:11     | Found a gate leading to a gauntlet.
 19615 | Gauntlet | Entered a Gauntlet
 19615 | Gauntlet | Found a transporter.
 19618 | Gauntlet | Found a transporter.
 19620 | Gauntlet | Found a transporter.
 19635 | Gauntlet | Found a transporter.
 19636 | Gauntlet | Found a transporter.
 19645 | Gauntlet | Found a transporter.
 19660 | Gauntlet | Found a runed translucent door.
 19661 | Gauntlet | Found a transporter.
 19662 | Gauntlet | Found a runed translucent door.
 19664 | Gauntlet | Noticed a large abomination
 19666 | Gauntlet | Found a transporter.
 19682 | Gauntlet | Found a transporter.
 19690 | Gauntlet | Found a runed translucent gate.
 19691 | Gauntlet | Found a transporter.
 19691 | Gauntlet | Found a runed translucent gate.
 19694 | Gauntlet | Found a runed translucent gate.
 19695 | Gauntlet | Found a transporter.
 19714 | Gauntlet | Found a transporter.
 19721 | Gauntlet | Found a transporter.
 19723 | Gauntlet | Noticed a fire crab
 19725 | Gauntlet | Found a transporter.
 19796 | Gauntlet | Reached XP level 11. HP: 25/50 MP: 3/15
 19811 | Gauntlet | Reached skill level 5 in Summonings
 19930 | Gauntlet | Mangled by a large abomination
 19931 | Gauntlet | Reached XP level 10. HP: -8/47 MP: 14/14
 19931 | Gauntlet | Quit the game

Illustrated notes

Levels and vault maps discovered:
D:1:      lightli_arrival_boilingwater, layout_basic, serial_shops,
          nicolae_square_shop
D:2:      layout_basic, uniq_jessica
D:3:      layout_basic
D:4:      layout_loops_cross, chequers_serial_rivers_room_a, uniq_menkaure
D:5:      layout_cave_pools, nicolae_ru_great_annihilating_truth,
          nicolae_stop_n_shop_1, minmay_shop_enchanted_jewellery
D:6:      nicolae_cairo_tiling_large, layout_basic, st_stairs_13,
          uniq_blork_the_orc, uniq_sigmund, uniq_pikel
D:7:      layout_basic, minmay_temple_entry_glassed_door, uniq_prince_ribbit1
D:8:      layout_cave_pools, erik_lair_island, minmay_tree_intersection,
          kennysheep_generic_room_2
D:9:      layout_roguey, elyvilon_altar_5, special_room [special_room_bee],
          minmay_evil_grid
D:10:     nicolae_whirlpool, layout_irregular_city, zombieorc2_lemuel,
          serial_shops, nicolae_square_shop, shop, shop, shop
D:11:     minmay_shrinking_squares, layout_rooms, gauntlet_entry_generic,
          minmay_ruined_shrine
Gauntlet: minmay_gauntlet_77_tree [minmay_gauntlet_arena_77_broken_ladder,
          minmay_gauntlet_arena_77_checkered,
          minmay_gauntlet_arena_77_run_for_it, minmay_gauntlet_arena_77_mess,
          minmay_gauntlet_arena_77_cramped,
          minmay_gauntlet_arena_77_radiant_squares,
          minmay_gauntlet_arena_77_double_cross,
          dreamdust_gauntlet_exit_labyrinth]

Skill      XL: |  1  2  3  4  5  6  7  8  9 10 11 |
---------------+----------------------------------+-----
Dodging        | 2 3 4 5 6 9 10 | 10.0
Stealth        | 3 4 6 8 10 11 | 11.0
Fire Magic     | 3 |  3.2
Evocations     | 1 2 3 |  3.0
Unarmed Combat | 4 6 8 9 10 | 10.0
Fighting       | 4 6 7 |  7.0
Spellcasting   | 2 |  2.0
Hexes          | 2 6 |  6.0
Summonings     | 4 5 |  5.7

Action                   |  1- 3 |  4- 6 |  7- 9 | 10-12 || total
-------------------------+-------+-------+-------+-------++-------
Melee: Unarmed           |    40 |    57 |   161 |   211 ||   469
       Bite              |     3 |    13 |    11 |    34 ||    61
       Punch             |       |     1 |     4 |    17 ||    22
 Cast: Scorch            |    20 |    58 |   210 |    37 ||   325
       Confusing Touch   |       |       |       |    17 ||    17
Invok: Fiery Armour      |       |     1 |     1 |       ||     2
       Foxfire Swarm     |       |       |     3 |     1 ||     4
       Rising Flame      |       |       |     1 |       ||     1
Evoke: Wand              |       |       |     4 |       ||     4
  Use: Scroll            |       |       |     7 |       ||     7
       Potion            |       |       |       |     5 ||     5
 Stab: Sleeping          |     1 |       |     6 |     8 ||    15
       Confused          |       |       |       |     7 ||     7
Armor: Skin              |     1 |     3 |    12 |    11 ||    27
Dodge: Dodged            |    19 |    56 |   220 |   194 ||   489
